 Dungeon Sprint DCSS version 0.15-a0-674-g7948ca6 (webtiles) character file.

20444 BluebellGnoll the Blocker (level 12, -2/115 HPs)
             Began as a Minotaur Fighter on May 9, 2014.
             Was the Champion of Qazlal.
             Killed from afar by a hellion (38 damage)
             ... with a burst of hellfire
             ... in the Dungeon (Sprint V: "Ziggurat Sprint").
             The game lasted 00:30:13 (1365 turns).

BluebellGnoll the Blocker (Minotaur Fighter)        Turns: 1365, Time: 00:30:13

HP  -2/115       AC 35     Str 44      XL: 12   Next: 45%
MP   9/22        EV  4     Int  7      God: Qazlal [******]
Gold 0           SH 80     Dex 12      Spells:  0 memorised, 11 levels left

rFire  + + .     SeeInvis +     v - +12,+15 obsidian axe {chop, +Fly Str+3 SInv Curse}
rCold  + . .     Clarity  .     w - +15 Maxwell's patent armour {rCorr, Cons, -Cast -Tele MR+}
rNeg   + + .     Conserve +     x - +27 shield of the gong {rElec rN+ MR+ EV-5}
rPois  +         rCorr    +     Z - +1 hat {SInv}
rElec  +         rRot     .     a - +0 cloak
SustAb . .       Spirit   .     (no gloves)
rMut   .         Warding  +     W - +0 pair of boots of Iwkistromn {Str+5 Int+2 Acc+4}
Saprov . . .     NoTele   +     S - amulet of warding
MR     ++...     NoCast   +     u - +6 ring of strength
                                t - +6 ring of strength

@: mesmerised, repel missiles, studying Slings, protected from fire, very
resistant to hostile enchantments, extremely unstealthy
A: retaliatory headbutt, horns 2
a: Upheaval, Elemental Force, Disaster Area, Renounce Religion, Evoke Flight


You were in the Dungeon.
You worshipped Qazlal.
Qazlal was exalted by your worship.
You were not hungry.

You visited 1 branch

Inventory:

Hand weapons
 b - a +5,+5 broad axe of chopping
 v - the cursed +12,+15 obsidian axe (weapon) {chop, +Fly Str+3 SInv Curse}
   (You found it in the Dungeon)

   It inflicts extra damage upon your enemies.
   It affects your strength (+3).
   It enhances your eyesight.
   It lets you fly.
   It may recurse itself when equipped.
   It has a curse placed upon it.
 U - a +5 blowgun of evasion
Missiles
 O - 7 tomahawks (quivered)
Armour
 a - a +0 cloak (worn)
 w - the cursed +15 Maxwell's patent armour (worn) {rCorr, Cons, -Cast -Tele MR+}
   (You found it in the Dungeon)

   It affects your resistance to hostile enchantments.
   It prevents spellcasting.
   It prevents most forms of teleportation.
   It has a curse placed upon it.
 x - the +27 shield of the gong (worn) {rElec rN+ MR+ EV-5}
   (You found it in the Dungeon)

   It affects your evasion (-5).
   It insulates you from electricity.
   It protects you from negative energy.
   It affects your resistance to hostile enchantments.
 W - the cursed +0 pair of boots of Iwkistromn (worn) {Str+5 Int+2 Acc+4}
   (You found it in the Dungeon)

   It affects your strength (+5).
   It affects your intelligence (+2).
   It affects your accuracy with ranged weapons and melee attacks (+4).
   It has a curse placed upon it.
 Z - a +1 hat of see invisible (worn)
Magical devices
 l - a wand of disintegration (7)
 m - a wand of fire (4)
 n - a wand of cold (3)
 o - a wand of draining (5)
Comestibles
 d - 5 bread rations
 j - 15 strawberries
 K - 4 meat rations
Scrolls
 k - 4 scrolls of blinking
 y - 4 scrolls of amnesia
 E - 3 scrolls of recharging
 F - 7 scrolls of fog
 G - a scroll of holy word
 H - 4 scrolls of identify
 I - 5 scrolls of remove curse
 J - 2 scrolls of fear
Jewellery
 p - a +6 ring of dexterity
 q - a +6 ring of dexterity
 r - a +6 ring of intelligence
 s - a +6 ring of intelligence
 t - a +6 ring of strength (left hand)
 u - a +6 ring of strength (right hand)
 N - an uncursed ring of wizardry
 Q - the ring "Letets" {Str+1 Int+2 Dam+7}
   (You found it in the Dungeon)

   [ring of slaying]

   It affects your strength (+1).
   It affects your intelligence (+2).
   It affects your damage with ranged weapons and melee attacks (+7).
 S - an amulet of warding (around neck)
 T - an uncursed ring of see invisible
 V - an uncursed ring of magical power
Potions
 c - 2 potions of brilliance
 e - 3 potions of might
 f - 10 potions of curing
 g - 11 potions of heal wounds
 h - 5 potions of haste
 i - 7 potions of magic
 z - 2 potions of invisibility
 A - 2 potions of restore abilities
 B - 3 potions of resistance
 C - 3 potions of berserk rage
 D - 2 potions of agility
Books
 P - a manual of Slings
Miscellaneous
 L - a disc of storms
 M - a phial of floods (inert)
 R - a lamp of fire
 X - a lamp of fire
 Y - a fan of gales


   Skills:
 - Level 13.1 Fighting
 + Level 20.3 Axes
 - Level 13.5 Armour
 + Level 20.5 Shields
 - Level 9.2 Invocations
 - Level 8.8 Evocations


You had 11 spell levels left.
You didn't know any spells.

Dungeon Overview and Level Annotations

Branches:
Dungeon (1/1)

Altars:
Ashenzari
Cheibriados
Dithmenos
Elyvilon
Fedhas
Gozag
Kikubaaqudgha
Makhleb
Nemelex Xobeh
Okawaru
Qazlal
Sif Muna
Trog
Vehumet
Xom
Yredelemnul
Zin
The Shining One
Beogh
Jiyva
Lugonu


Innate Abilities, Weirdness & Mutations

You reflexively headbutt those who attack you in melee.
You have a pair of horns on your head.


Message History

Your water elemental barely misses the red devil.
Your earth elemental closely misses the balrug.
Found four items.
The necrophage is engulfed in roaring flames.
You destroy the necrophage!
Qazlal accepts your kill. You block the wight's attack.
BONNNG!
You block the red devil's attack.
GONNNNG!
The balrug hits your earth elemental with a glowing demon whip!
Your earth elemental is engulfed in flames.
Your earth elemental completely resists.
The shadow slips into darkness for a moment.
Your water elemental barely misses the shadow.
The hellion gestures at you.
The hellfire explodes!
The burst of hellfire engulfs you!
You feel more protected from fire.
One of your 5 scrolls of identify catches fire!
You die...

8©8 ▓........▓.
.)≈≈}.|}. ▓.▓....▓.▓.
.≈≈)=))|[..▓........▓.
▓..≈))≈.....▓▓▓▓▓▓▓▓▓▓▓
▓....≈......▓...8©8)..▓
▓.....E.....▓..|§.....▓
▓....E24.W..▓..)).)...▓
..▓§2W§z▓..▓...§.)...▓
▓.▓E@E▓.▓ ▓....)....▓
▓..▓...§§▓..▓.........▓
▓...........▓.........▓
▓▓▓▓▓▓▓▓▓▓▓▓▓.........▓
▓....8©8....▓.........▓
▓...).)[....▓▓▓▓▓▓▓▓▓▓▓
▓...§)§:§...▓...8©8...▓
▓....%§.....▓....[|...▓
▓...........▓..§[).§..▓


You could see a balrug, a hellion, a phantom, a red devil, a shadow (invisible),
a wight, a friendly earth elemental and 3 friendly water elementals.

Vanquished Creatures
  A deep elf blademaster (D)
  2 deep elf sorcerers (D)
  A ghoul (D)
  A spriggan defender (D)
  A yellow draconian (D)
  2 spriggan air magi (D)
  A spriggan berserker (D)
  2 deep elf knights (D)
  2 soul eaters (D)
  A flayed ghost (D)
  A deep elf conjurer (D)
  A wolf spider (D)
  A large abomination (D)
  A necromancer (D)
  3 draconians (D)
  A vault sentinel (D)
  2 yaktaurs (D)
  3 water elementals (D)
  4 giant fireflies (D)
  A wind drake (shapeshifter) (D)
  2 red devils (D)
  4 merfolk (D)
  A wind drake (D)
  A deep elf mage (D)
  2 basilisks (D)
  A flying skull (D)
  A wolf (D)
  A chaos spawn (D)
  3 deep elf fighters (D)
  2 water moccasins (D)
  A small abomination (D)
  3 orc warriors (D)
  A porcupine (D)
  A necrophage (D)
  3 wights (D)
  3 orc priests (D)
  An iron imp (D)
  5 orc wizards (D)
  5 adders (D)
  A shadow imp (D)
  A white imp (D)
  An adder zombie (D)
  3 orcs (D)
  A ball python (D)
  2 bat skeletons (D)
  A hobgoblin zombie (D)
  A jackal (D)
  A kobold zombie (D)
  A rat zombie (D)
  A fungus (D)
87 creatures vanquished.

Vanquished Creatures (collateral kills)
  A vault guard (D)
  An anaconda (D)
  An orc high priest (D)
  A necromancer (D)
  A yaktaur (D)
  A dryad (D)
  A red devil (D)
  3 nagas (D)
  An orc priest (D)
  An orc (D)
  A jackal (D)
  A hobgoblin skeleton (D)
14 creatures vanquished.

Vanquished Creatures (others)
  2 water elementals (D)
  5 fire elementals (D)
  2 air elementals (D)
9 creatures vanquished.

Grand Total: 110 creatures vanquished

Notes
Turn   | Place    | Note
--------------------------------------------------------------
     0 | D        | BluebellGnoll, the Minotaur Fighter, began the quest for the Orb.
     0 | D        | Reached XP level 1. HP: 19/19 MP: 1/1
     0 | D        | Found a roughly hewn altar of Beogh.
     0 | D        | Found a corrupted altar of Lugonu.
     1 | D        | Found a white marble altar of Elyvilon.
     2 | D        | Found a sparkling altar of Nemelex Xobeh.
     2 | D        | Found a burning altar of Makhleb.
     2 | D        | Found a deep blue altar of Sif Muna.
     3 | D        | Found a bloodstained altar of Trog.
     6 | D        | Found an iron altar of Okawaru.
    12 | D        | Found a radiant altar of Vehumet.
    45 | D        | Found an ancient bone altar of Kikubaaqudgha.
    45 | D        | Found a basalt altar of Yredelemnul.
    46 | D        | Found a shimmering altar of Xom.
    63 | D        | Reached skill level 9 in Armour
    63 | D        | Reached XP level 2. HP: 26/26 MP: 1/1
   125 | D        | Became a worshipper of Qazlal Stormbringer
   136 | D        | Entered arena 1.
   136 | D        | Noticed an iron imp
   141 | D        | Killed an iron imp
   141 | D        | Reached skill level 5 in Axes
   141 | D        | Reached XP level 3. HP: 31/31 MP: 2/2
   148 | D        | Entered arena 2.
   148 | D        | Noticed a large abomination
   148 | D        | Noticed a small abomination
   152 | D        | Killed a small abomination
   152 | D        | Acquired Qazlal's first power
   152 | D        | Reached skill level 10 in Axes
   152 | D        | Reached XP level 4. HP: 39/39 MP: 2/2
   152 | D        | Reached XP level 5. HP: 45/45 MP: 2/2
   153 | D        | Killed a large abomination
   153 | D        | Acquired Qazlal's second power
   153 | D        | Reached skill level 15 in Axes
   153 | D        | Reached XP level 6. HP: 51/51 MP: 3/3
   153 | D        | Reached XP level 7. HP: 57/57 MP: 3/3
   164 | D        | Entered arena 3.
   164 | D        | Noticed a merfolk
   164 | D        | Noticed a merfolk
   164 | D        | Noticed a merfolk
   164 | D        | Noticed a merfolk
   176 | D        | Killed a merfolk
   177 | D        | Killed a merfolk
   178 | D        | Killed a merfolk
   178 | D        | Reached XP level 8. HP: 26/75 MP: 3/3
   180 | D        | Killed a merfolk
   180 | D        | Acquired Qazlal's third power
   180 | D        | Reached skill level 10 in Shields
   404 | D        | Identified the Collected Works on Vitriolic Transmutation (You found it in the Dungeon)
   411 | D        | Entered arena 4.
   411 | D        | Noticed a draconian
   411 | D        | Noticed a yellow draconian
   411 | D        | Noticed a draconian
   411 | D        | Noticed a draconian
   415 | D        | Killed a draconian
   419 | D        | Killed a yellow draconian
   419 | D        | Reached XP level 9. HP: 84/84 MP: 3/16
   421 | D        | Killed a draconian
   423 | D        | Killed a draconian
   423 | D        | Acquired Qazlal's fourth power
   437 | D        | Entered arena 5.
   437 | D        | Noticed a water moccasin
   443 | D        | Killed a water moccasin
   454 | D        | Entered arena 6.
   454 | D        | Noticed a naga
   454 | D        | Noticed a naga
   454 | D        | Noticed a naga
   454 | D        | Noticed a water moccasin
   459 | D        | Killed a water moccasin
   459 | D        | Acquired Qazlal's fifth power
   463 | D        | Killed a naga
   463 | D        | Killed a naga
   464 | D        | Killed a naga
   473 | D        | Got the ring "Letets" {Str+1 Int+2 Dam+7}
   552 | D        | Entered arena 7.
   552 | D        | Noticed a porcupine
   552 | D        | Noticed a basilisk
   552 | D        | Noticed a basilisk
   553 | D        | Noticed a wolf
   554 | D        | Killed a wolf
   556 | D        | Killed a basilisk
   556 | D        | Reached XP level 10. HP: 91/91 MP: 20/20
   557 | D        | Killed a basilisk
   557 | D        | Killed a porcupine
   564 | D        | Entered arena 8.
   564 | D        | Noticed an orc priest
   564 | D        | Noticed an orc wizard
   564 | D        | Noticed an orc priest
   564 | D        | Noticed an orc warrior
   564 | D        | Noticed an orc wizard
   564 | D        | Noticed an orc priest
   565 | D        | Killed an orc wizard
   565 | D        | Killed an orc wizard
   565 | D        | Killed an orc priest
   566 | D        | Killed an orc warrior
   566 | D        | Reached skill level 10 in Armour
   568 | D        | Killed an orc priest
   570 | D        | Killed an orc priest
   626 | D        | Entered arena 9.
   626 | D        | Noticed a wind drake
   626 | D        | Noticed a vault guard
   626 | D        | Noticed a vault sentinel
   626 | D        | Noticed a deep elf knight
   626 | D        | Noticed a yaktaur
   626 | D        | Noticed a deep elf knight
   626 | D        | Noticed a yaktaur
   626 | D        | Noticed a yaktaur
   628 | D        | Killed a deep elf knight
   628 | D        | Reached skill level 10 in Fighting
   630 | D        | Killed a yaktaur
   632 | D        | Killed a wind drake
   634 | D        | Killed a yaktaur
   634 | D        | Killed a vault guard
   635 | D        | Killed a yaktaur
   637 | D        | Killed a deep elf knight
   639 | D        | Killed a vault sentinel
   720 | D        | Entered arena 10.
   720 | D        | Noticed an orc wizard
   720 | D        | Noticed an orc wizard
   720 | D        | Noticed an orc warrior
   720 | D        | Noticed an orc wizard
   720 | D        | Noticed an orc priest
   720 | D        | Noticed an orc warrior
   721 | D        | Killed an orc wizard
   722 | D        | Killed an orc priest
   722 | D        | Killed an orc wizard
   722 | D        | Killed an orc warrior
   724 | D        | Killed an orc warrior
   726 | D        | Killed an orc wizard
   739 | D        | Got the cursed +0 pair of boots of Iwkistromn {Str+5 Int+2 Acc+4}
   743 | D        | Entered arena 11.
   743 | D        | Noticed a deep elf sorcerer
   743 | D        | Noticed a deep elf sorcerer
   743 | D        | Noticed an orc high priest
   743 | D        | Noticed a deep elf fighter
   743 | D        | Noticed a deep elf blademaster
   743 | D        | Noticed a deep elf fighter
   743 | D        | Noticed a deep elf mage
   745 | D        | Noticed a deep elf fighter
   745 | D        | Noticed a deep elf conjurer
   745 | D        | Killed a deep elf fighter
   745 | D        | Reached XP level 11. HP: 97/107 MP: 16/20
   748 | D        | Killed an orc high priest
   748 | D        | Reached skill level 16 in Axes
   750 | D        | Killed a deep elf mage
   752 | D        | Killed a deep elf blademaster
   752 | D        | Reached skill level 17 in Axes
   752 | D        | Reached skill level 15 in Shields
   753 | D        | Killed a deep elf fighter
   755 | D        | Killed a deep elf sorcerer
   757 | D        | Killed a deep elf fighter
   757 | D        | Killed a deep elf sorcerer
   759 | D        | Killed a deep elf conjurer
   759 | D        | Reached skill level 18 in Axes
   995 | D        | Entered arena 12.
   995 | D        | Noticed a wight
   995 | D        | Noticed a necromancer
   995 | D        | Noticed a ghoul
   997 | D        | Noticed a necromancer
   997 | D        | Noticed a wight
  1001 | D        | Killed a wight
  1003 | D        | Killed a wight
  1005 | D        | Killed a necromancer
  1006 | D        | Killed a necromancer
  1009 | D        | Killed a ghoul
  1029 | D        | Entered arena 13.
  1029 | D        | Noticed a giant firefly
  1029 | D        | Noticed a dryad
  1029 | D        | Noticed a spriggan berserker
  1030 | D        | Noticed a wind drake
  1030 | D        | Killed a giant firefly
  1031 | D        | Noticed a spriggan air mage
  1031 | D        | Noticed a giant firefly
  1032 | D        | Noticed an anaconda
  1032 | D        | Noticed a spriggan air mage
  1032 | D        | Noticed a spriggan defender
  1033 | D        | Noticed a giant firefly
  1033 | D        | Noticed a giant firefly
  1033 | D        | Noticed a wolf spider
  1034 | D        | Killed a spriggan berserker
  1035 | D        | Killed a dryad
  1035 | D        | Reached skill level 19 in Axes
  1035 | D        | Reached XP level 12. HP: 101/115 MP: 15/22
  1037 | D        | Killed a giant firefly
  1039 | D        | Killed a wind drake
  1040 | D        | Killed a giant firefly
  1041 | D        | Killed an anaconda
  1042 | D        | Killed a giant firefly
  1043 | D        | Killed a wolf spider
  1048 | D        | Killed a spriggan air mage
  1048 | D        | Killed a spriggan air mage
  1052 | D        | Killed a spriggan defender
  1052 | D        | Reached skill level 20 in Axes
  1355 | D        | Entered arena 14.
  1355 | D        | Noticed a wight
  1355 | D        | Noticed a flayed ghost
  1355 | D        | Noticed a red devil
  1356 | D        | Killed a wight
  1357 | D        | Noticed a balrug
  1357 | D        | Noticed a hellion
  1357 | D        | Killed a flayed ghost
  1358 | D        | Noticed a shadow
  1358 | D        | Noticed a red devil
  1358 | D        | Noticed a red devil
  1358 | D        | Noticed a flying skull
  1358 | D        | Noticed a necrophage
  1358 | D        | Noticed a phantom
  1359 | D        | Noticed a wight
  1360 | D        | Killed a red devil
  1362 | D        | Killed a red devil
  1363 | D        | Killed a flying skull
  1365 | D        | Killed a necrophage
  1365 | D        | Killed from afar by a hellion

Action                   |  1- 3 |  4- 6 |  7- 9 | 10-12 || total
-------------------------+-------+-------+-------+-------++-------
Melee: War axe           |     6 |     1 |     8 |       ||    15
       Broad axe         |       |       |    13 |    50 ||    63
Invok: Upheaval          |       |       |     1 |     9 ||    10
       Elemental Force   |       |       |       |     2 ||     2
Evoke: Disc of storms    |       |       |     5 |       ||     5
       Phial of floods   |       |       |     2 |     3 ||     5
       Lamp of fire      |       |       |     1 |     3 ||     4
       Wand              |       |       |       |     3 ||     3
  Use: Potion            |     3 |       |     3 |     4 ||    10
       Scroll            |       |       |     1 |       ||     1
 Stab: Distracted        |       |       |       |     1 ||     1
